 Dungeon Crawl Stone Soup version 0.30-a0-718-geaa24f58ff (webtiles) character file.

Game seed: 286561810566386092

39 Arximoufas the Digger (level 3, -8/24 HPs)
             Began as a Formicid Earth Elementalist on Jan 25, 2023.
             Killed by an exploding Natasha (27 damage)
             ... ignited by their inner flame
             ... on level 1 of the Dungeon.
             The game lasted 00:13:47 (1503 turns).

Arximoufas the Digger (Formicid Earth Elementalist) Turns: 1503, Time: 00:13:48

Health: -8/24      AC:  6    Str: 12    XL:     3   Next: 70%
Magic:  5/6        EV:  9    Int: 16    God:
Gold:   40         SH:  0    Dex: 14    Spells: 6/7 levels left

rFire   . . .      SeeInvis +    e - +2 dagger (elec)
rCold   . . .      Faith    .    (no shield)
rNeg    . . .      Spirit   .    k - +0 scale mail
rPois   .          Reflect  .    (helmet unavailable)
rElec   .          Harm     .    (no cloak)
rCorr   .          Rampage  .    (no gloves)
Will    .....                    (no boots)
Stlth   +                        (no amulet)
HPRegen 0.24/turn                (no ring)
MPRegen 0.10/turn                (no ring)

@: very slightly contaminated
A: permanent stasis, dig shafts and tunnels, antennae 3, four strong arms
a: Dig, Shaft Self


You were on level 1 of the Dungeon.
You visited 1 branch of the dungeon, and saw 2 of its levels.

You collected 40 gold pieces.

Inventory:

Hand Weapons
 e - a +2 dagger of electrocution (weapon)
Armour
 a - a +0 robe
 j - a +0 leather armour
 k - a +0 scale mail (worn)
Scrolls
 f - a scroll of identify {unknown}
Potions
 g - a potion of might {unknown}
 h - a potion of flight {unknown}
 i - 3 potions of curing {unknown}


   Skills:
 + Level 0.0 Fighting
 - Level 1.9 Dodging
 - Level 3.0 Stealth
 + Level 2.6 Spellcasting
 * Level 2.1 Transmutations
 * Level 4.1 Earth Magic


You had 6 spell levels left.
You knew the following spells:

 Your Spells              Type           Power      Damage    Failure   Level
a - Sandblast             Erth           30%        2d9       21%         1

Your spell library contained the following spells:

 Spells                   Type           Power      Damage    Failure   Level
 Passwall                 Tmut/Erth      10%        N/A       41%         2
 Stone Arrow              Conj/Erth      16%        3d8       80%         3
 Ensorcelled Hibernation  Hex/Ice        4%         N/A       86%         2
 Spider Form              Tmut/Pois      5%         N/A       91%         3
 Petrify                  Tmut/Erth      12%        N/A       96%         4
 Anguish                  Hex/Necr       1%         N/A       100%        4


Dungeon Overview and Level Annotations

Branches:
Dungeon (2/15)

Altars:

Annotations:
D:2 Robin


Innate Abilities, Weirdness & Mutations

You cannot be hasted, slowed, berserked, paralysed or teleported.
You can dig through walls and to a lower floor.
You have a pair of large antennae on your head. (SInv)
Your four strong arms can wield two-handed weapons with a shield.


Message History

The crimson imp hits you but does no damage.
Aiming: Sandblast (safe; 21% risk of failure)
Press: ? - help, Q - select action, (/) - cycle Shift-Dir - straight line, f/p - Natasha
Aim: Natasha (lightly wounded, 77% to hit)
The blast of sand hits Natasha!
Natasha is severely wounded.
Natasha casts a spell at you. The magic dart hits you.
The crimson imp blinks!
Natasha casts a spell at you. The magic dart hits you.
As you read the scroll labelled GONAUX IXKYL, it crumbles to dust.
The creatures around you are filled with an inner flame!
It was a scroll of immolation.
Natasha stares at you and mumbles some strange words.
The magic dart hits you!
* * * LOW HITPOINT WARNING * * *
You feel much better. Natasha casts a spell at you.
Your stasis prevents you from being slowed.
Aiming: Sandblast (safe; 21% risk of failure)
Press: ? - help, Q - select action, (/) - cycle Shift-Dir - straight line, f/p - Natasha
Aim: Natasha (severely wounded, inner flame, 77% to hit)
You miscast Sandblast.
You are very lightly contaminated with residual magic.
Nothing appears to happen.
Natasha barely misses you.
You don't have enough magic to cast this spell.
Magic courses through your body. Natasha casts a spell at you.
The magic dart hits you.
The crimson imp blinks!
Aiming: Sandblast (safe; 21% risk of failure)
Press: ? - help, Q - select action, (/) - cycle Shift-Dir - straight line, f/p - Natasha
Aim: Natasha (severely wounded, inner flame, 77% to hit)
The blast of sand hits Natasha!
Natasha yowls pathetically as she dies!
The crimson imp disappears in a puff of smoke!
Natasha explodes!
The fiery explosion engulfs you!!
Ouch! That really hurt!
You die...

#.# ###...#
#.# #...#
#.# ##.##
#.# #.# #.#
##########.#
#.#
#..........#
#.#
#.##########
#.########.#
#..§.@§§...#
############


There were no monsters in sight!

Vanquished Creatures
  Natasha (D:1)
  A dart slug (D:1)
  3 ball pythons
  3 endoplasms (D:1)
  A giant cockroach (D:1)
  6 goblins
  2 hobgoblins (D:1)
  6 jackals (D:1)
  A quokka (D:1)
  3 bats
  6 frilled lizards (D:1)
  3 kobolds (D:1)
  A rat (D:1)
37 creatures vanquished.

Notes
Turn   | Place    | Note
-------+----------+-------------------------------------------
     0 | D:1      | Arximoufas the Formicid Earth Elementalist began the quest
                  | for the Orb.
     0 | D:1      | Reached XP level 1. HP: 13/13 MP: 3/3
   134 | D:1      | Found a faded altar of an unknown god.
   235 | D:1      | Reached XP level 2. HP: 19/19 MP: 3/5
   620 | D:1      | Reached skill level 4 in Earth Magic
   706 | D:1      | Reached XP level 3. HP: 24/24 MP: 3/6
  1402 | D:2      | Noticed Robin
  1488 | D:2      | Noticed Natasha
  1503 | D:1      | Killed Natasha
  1503 | D:1      | Killed by an exploding Natasha... ignited by their inner
                  | flame

Illustrated notes

Levels and vault maps discovered:
D:1:      nagdon_arrival_zigzag_paths, layout_loops_ring,
          shapermc_ecumenical_altar_mp_ritualfount, minmay_lizard_pond
D:2:      layout_basic, uniq_crazy_yiuf_cottage, uniq_natasha, uniq_robin,
          uniq_sigmund

Skill      XL: |  1  2  3 |
---------------+----------+-----
Earth Magic    | 4 |  4.1
Stealth        | 3 |  3.0
Transmutations | 2 |  2.1
Dodging        | |  1.9
Spellcasting   | |  2.6

Action                     || total
---------------------------++-------
  Melee: Dagger            ||     2
   Cast: Sandblast         ||    55
    Use: Potion            ||     2
         Scroll            ||     1
 Armour: Robe              ||     2
         Scale mail        ||     3
  Dodge: Dodged            ||    13

Table legend: (Time is in decaauts)
 A = Elapsed time spent in this place.
 B = Non-inter-level travel time spent in this place.
 C = Inter-level travel time spent in this place.
 D = Time resting spent in this place.
 E = Time spent auto-exploring this place.
 F = Levels seen in this place.
 G = Mean time per level.
                   A        B        C        D        E       F      G
               +--------+--------+--------+--------+--------+-----+--------+
         Total |   1530 |   1468 |     62 |    411 |    758 |   2 |  765.0 |
       Dungeon |   1530 |   1468 |     62 |    411 |    758 |   2 |  765.0 |
               +--------+--------+--------+--------+--------+-----+--------+

Top non-repeatable levels by time:
     D:1: 1444 daAuts
     D:2: 85 daAuts
